 Dungeon Crawl Stone Soup version 0.19.5 (webtiles) character file.

52 equalderp2856 the Scratcher (level 3, -6/17 HPs)
             Began as a Felid Fighter on Mar 27, 2017.
             Killed by divine providence
             ... invoked by an orc priest
              (10 damage)
             ... on level 4 of the Dungeon.
             The game lasted 00:08:10 (3458 turns).

equalderp2856 the Scratcher (Felid Fighter)         Turns: 3458, Time: 00:08:10

Health: -6/17      AC:  1    Str: 13    XL:     3   Next: 60%
Magic:  4/4        EV: 20    Int:  9    God:
Gold:   85         SH:  0    Dex: 15    Spells: 0 memorised, 2 levels left
                                        Lives:  0   Deaths: 1

rFire  . . .     SeeInvis +       - Unarmed
rCold  + . .     Gourm    .     (armour unavailable)
rNeg   . . .     Faith    .     (shield unavailable)
rPois  .         Spirit   .     (helmet unavailable)
rElec  .         Reflect  .     (cloak unavailable)
rCorr  .         Harm     .     (gloves unavailable)
MR     .....                    (boots unavailable)
Stlth  +.........               (no amulet)
                                (no ring)
                                d - ring of protection from cold

@: confused, quick
A: no armour, no weapons or thrown items, stealth, claws 1, fangs 3, see
invisible, carnivore 3, speed 1, shaggy fur 1, slow metabolism 1, sharp paws
a: no special abilities


You were on level 4 of the Dungeon.
You were not hungry.

You visited 1 branch of the dungeon, and saw 4 of its levels.

You collected 85 gold pieces.

Inventory:

Jewellery
 d - a ring of protection from cold (left paw)
 o - an uncursed amulet of faith
Scrolls
 c - a scroll of fog {unknown}
 e - 3 scrolls of identify {unknown}
 g - a scroll of enchant armour {unknown}
 i - a scroll of random uselessness {unknown}
 j - a scroll of recharging {unknown}
 k - a scroll of remove curse {unknown}
Potions
 a - a potion of might
 f - a potion of curing {unknown}
 h - 2 potions of magic {unknown}
 l - a potion of haste {unknown}
 m - 2 potions of flight {unknown}
 p - a potion of invisibility {unknown}
Comestibles
 b - a meat ration
 n - a slice of pizza


   Skills:
 + Level 3.2 Fighting
 + Level 4.7 Dodging
 + Level 1.5 Stealth
 + Level 5.4 Unarmed Combat


You had 2 spell levels left.
You didn't know any spells.

Dungeon Overview and Level Annotations

Branches:
Dungeon (4/15)
 Temple: D:4-7

Altars:

Annotations:
D:3 equalderp2856's ghost, amateur FeFi


Innate Abilities, Weirdness & Mutations

You cannot wear armour.
You are incapable of wielding weapons or throwing items.
Your paws allow you to move quietly. (Stealth)
You have sharp claws.
You have razor-sharp teeth.
You have supernaturally acute eyesight. (SInv)
You are carnivorous and can eat meat at any time.
You cover ground quickly.
You are covered in fur. (AC +1)
You have a slow metabolism.
Your sharp claws are effective at attacking unaware monsters.


Message History

You catch the helpless orc completely off-guard!
You claw the orc!
You kill the orc!
You see here a war axe.
The orc priest shouts!
The orc priest mumbles some strange prayers to Beogh against you.
Beogh smites you!
Ouch! That really hurt!
* * * LOW HITPOINT WARNING * * *
The orc wizard casts a spell at you.
You are confused.
The orc priest casts a cantrip, but nothing happens.
You bump into the metal wall.
You bump into the metal wall.
The orc wizard misses you.
You bump into the metal wall.
The orc wizard barely misses you.
You bump into the metal wall.
The orc wizard completely misses you.
The orc priest invokes the aid of Beogh against you.
Beogh smites you!
Ouch! That really hurt!
You die...

.............#....#
#...#.##.#####.#
####..$#.##.##.....
# #.!............#
#.##.##...#.##.####
#####.........#.##.#
#.o.............##.#
#.######.#)###......
#.# #.#@# #...[..
#.# # #o###.###.##
#.# #.#o....# #.#
#.# #......##
#.##########..##
#..............#
############...#
#...# #...# ####


You could see an orc priest and an orc wizard.

Vanquished Creatures
  3 adders
  3 oozes
  4 worms
  A leopard gecko (D:3)
  2 orcs
  6 bats
  A giant cockroach (D:2)
  8 goblins
  4 hobgoblins
  7 jackals
  A quokka (D:3)
  5 frilled lizards
  3 kobolds
  6 rats
54 creatures vanquished.

Notes
Turn   | Place    | Note
-------+----------+-------------------------------------------
     0 | D:1      | equalderp2856 the Felid Fighter began the quest for the Orb.
     0 | D:1      | Reached XP level 1. HP: 10/10 MP: 2/2
    43 | D:1      | Reached XP level 2. HP: 4/14 MP: 3/3
   743 | D:3      | Reached XP level 3. HP: 10/17 MP: 4/4
   749 | D:3      | Noticed equalderp2856's ghost (amateur FeFi)
  1165 | D:2      | Reached skill level 1 in Stealth
  1513 | D:2      | Reached skill level 5 in Unarmed Combat
  1559 | D:1      | Reached XP level 4. HP: 12/21 MP: 5/5
  3424 | D:4      | Killed from afar by an orc priest
  3425 | D:4      | Reached XP level 3. HP: 0/17 MP: 4/4
  3458 | D:4      | Killed from afar by an orc priest

Skill      XL: |  1  2  3 |
---------------+----------+-----
Stealth        | 1 |  1.5
Unarmed Combat | 5 |  5.4
Fighting       | |  3.2
Dodging        | |  4.7

Action                   |  1- 3 |  4- 6 || total
-------------------------+-------+-------++-------
Melee: Unarmed           |    95 |    38 ||   133
       Bite              |    10 |     2 ||    12
       Punch             |     1 |     2 ||     3
 Stab: Sleeping          |     3 |     5 ||     8
       Distracted        |     1 |       ||     1
  Eat: Chunk             |     5 |     2 ||     7
Armor: Skin              |     8 |     2 ||    10
Dodge: Dodged            |   106 |    31 ||   137
